 Dungeon Sprint DCSS version 0.30-a0-845-g7c6808c8ce (webtiles) character file.

Game seed: 5288967506961867031

13712 NinjaNoafa the Protected (level 12, -23/102 HPs)
             Began as a Merfolk Monk on Mar 2, 2023.
             Was a Priest of Uskayaw.
             Annihilated by an Orb Guardian (33 damage)
             ... in the Dungeon (Sprint V: "Ziggurat Sprint").
             The game lasted 00:15:29 (776 turns).

NinjaNoafa the Protected (Merfolk Monk)              Turns: 776, Time: 00:15:30

Health: -23/102    AC:  9    Str: 16    XL:     12   Next: 8%
Magic:  0/19       EV: 21    Int: 10    God:    Uskayaw [***...]
Gold:   0          SH: 16    Dex: 16    Spells: 19/19 levels left

rFire   . . .      SeeInvis +    D - +9 quick blade
rCold   . . .      Faith    .    j - +3 kite shield
rNeg    + . .      Spirit   +    q - +2 chain mail of the Crypt {Regen+ SInv}
rPois   .          Reflect  .    K - +2 hat of the Bear Spirit {Spirit, Bear, *Rage Will++}
rElec   .          Rampage  .    (no cloak)
rCorr   .          NoTele   +    (no gloves)
Will    ++...      Rage     20%  (no boots) Stlth
                                 k - amulet of Hoesh {Regen+ Slay+6}
HPRegen 1.97/turn                E - ring "Cuqaag" {+Blink rN+}
MPRegen 0.16/turn                n - ring of the Hare {EV+10}

@: corroded, slowed, studying 2 skills, very slow
A: (nimble swimmer 2), mertail, deformed body, low MP 1
a: Renounce Religion, Evoke Blink, Stomp, Line Pass


You were in the Dungeon.
You worshipped Uskayaw.
Uskayaw was pleased with you.
You visited 1 branch

Inventory:

Hand Weapons
 D - a +9 quick blade (weapon)
Missiles
 F - 2 boomerangs (quivered)
Armour
 j - a +3 kite shield (worn)
 q - the +2 chain mail of the Crypt (worn) {Regen+ SInv}
   (You found it in the Dungeon)

   SInv:      It lets you see invisible.
   Regen:     It increases your rate of health regeneration.
 K - the +2 hat of the Bear Spirit (worn) {Spirit, Bear, *Rage Will++}
   (You found it in the Dungeon)

   Bear:      Going berserk makes the wearer tougher, and they're slowed less
   afterward.
   *Rage:     It berserks you when you make melee attacks (+20% chance).
   Will:      It greatly increases your willpower.
Jewellery
 k - the amulet of Hoesh (around neck) {Regen+ Slay+6}
   (You found it in the Dungeon)

   [amulet of regeneration]

   Slay:      It affects your accuracy & damage with ranged weapons and melee
   (+6).
   Regen:     It increases your rate of health regeneration.
 m - a ring of flight
 n - the ring of the Hare (right hand) {EV+10}
   (You found it in the Dungeon)

   [ring of evasion]

   EV:        It affects your evasion (+10).
 E - the ring "Cuqaag" (left hand) {+Blink rN+}
   (You found it in the Dungeon)

   [ring of positive energy]

   rN:        It protects you from negative energy.
   +Blink:    It lets you blink.
 J - a ring of flight
 N - the ring "Macwetiadd" {rElec rF+++ Int-4 Dex+6 Slay-2}
   (You took it off an orc warrior in the Dungeon)

   [ring of dexterity]

   Int:       It affects your intelligence (-4).
   Dex:       It affects your dexterity (+6).
   Slay:      It affects your accuracy & damage with ranged weapons and melee
   (-2).
   rF:        It renders you almost immune to fire.
   rElec:     It insulates you from electricity.
Wands
 r - a wand of mindburst (7)
 s - a wand of iceblast (7)
 t - a wand of acid (7)
Scrolls
 i - 4 scrolls of blinking
 o - 4 scrolls of enchant weapon
 y - 4 scrolls of amnesia
 A - 7 scrolls of fog
 B - 5 scrolls of identify
 C - 2 scrolls of fear
Potions
 c - a potion of ambrosia
 d - 10 potions of curing
 e - 10 potions of heal wounds
 f - 5 potions of haste
 g - 7 potions of magic
 h - 2 potions of berserk rage
 u - 2 potions of brilliance
 v - 2 potions of invisibility
 w - 4 potions of resistance
 z - 4 potions of might
Miscellaneous
 x - a phantom mirror
 G - a tin of tremorstones (inert)
 H - a lightning rod (4/4)
 I - a condenser vane (inert)
 L - a box of beasts
 M - a phial of floods
 O - a piece from Xom's chessboard (15/15)


   Skills:
 + Level 12.1 Fighting
 - Level 8.0 Short Blades
 + Level 14.1 Armour
 + Level 12.2 Dodging
 - Level 2.1 Stealth
 + Level 13.6 Shields
 - Level 4.0 Spellcasting
 + Level 12.5 Invocations
 + Level 8.2 Evocations


You had 19 spell levels left.
You didn't know any spells.
Your spell library contained the following spells:

 Spells                   Type           Power      Damage    Failure   Level
 Beastly Appendage        Tmut           4%         N/A       98%         1
 Kiss of Death            Conj/Necr      8%         2d6       98%         1
 Cigotuvi's Dreadful Rot  Necr/Pois/Air  4%         N/A       99%         2
 Wereblood                Tmut           2%         N/A       99%         2
 Frozen Ramparts          Ice            4%         1d1       100%        3
 Gell's Gravitas          Tloc           2%         N/A       100%        3
 Ozocubu's Armour         Ice            2%         N/A       100%        3
 Spider Form              Tmut/Pois      2%         N/A       100%        3
 Teleport Other           Tloc           2%         N/A       100%        3
 Vhi's Electric Charge    Tloc/Air       4%         N/A       100%        3
 Airstrike                Air            1%         2d(1-17)  100%        4
 Anguish                  Hex/Necr       1%         N/A       100%        4
 Dispel Undead            Necr           2%         3d7       100%        4
 Passage of Golubria      Tloc           2%         N/A       100%        4
 Arcjolt                  Conj/Air       1%         1d11      100%        5
 Freezing Cloud           Conj/Ice/Air   1%         6-21      100%        5
 Iskenderun's Battlesphe  Conj           2%         2d6       100%        5
 Lightning Bolt           Conj/Air       1%         1d12      100%        5
 Silence                  Hex/Air        1%         N/A       100%        5
 Death Channel            Necr           1%         N/A       100%        6
 Dispersal                Tloc           1%         N/A       100%        6
 Iron Shot                Conj/Erth      1%         9d1       100%        6
 Simulacrum               Ice/Necr       1%         N/A       100%        6
 Enfeeble                 Hex            1%         N/A       100%        7
 Haunt                    Necr/Summ      1%         N/A       100%        7
 Malign Gateway           Summ/Tloc      1%         N/A       100%        7
 Spellforged Servitor     Conj/Summ      1%         N/A       100%        7
 Storm Form               Tmut/Air       1%         N/A       100%        7
 Lehudib's Crystal Spear  Conj/Erth      1%         10d2      100%        8
 Maxwell's Capacitive Co  Air            1%         ∞         100%        8
 Summon Horrible Things   Summ           1%         N/A       100%        8
 Chain Lightning          Conj/Air       1%         3d1       100%        9
 Fire Storm               Conj/Fire      1%         7d1       100%        9
 Polar Vortex             Ice            1%         N/A       100%        9
 Shatter                  Erth           1%         3d5*      100%        9


Dungeon Overview and Level Annotations

Branches:
Dungeon (1/1)

Altars:
Ashenzari
Cheibriados
Dithmenos
Elyvilon
Fedhas
Gozag
Hepliaklqana
Kikubaaqudgha
Makhleb
Nemelex Xobeh
Okawaru
Qazlal
Ru
Sif Muna
Trog
Uskayaw
Vehumet
Wu Jian
Xom
Yredelemnul
Zin
The Shining One
Jiyva
Lugonu


Innate Abilities, Weirdness & Mutations

((You are very nimble when in or above water. (Stealth+, EV+, Speed+++)))
Your lower body shifts to a powerful aquatic tail in water.
Armour fits poorly on your strangely shaped body.
Your magical capacity is low. (-10% MP)


Message History

The purple draconian is almost dead.
The death cob is severely damaged.
The Orb Guardian is severely wounded.
The black draconian knight is heavily wounded.
The black draconian is no longer paralysed.
The Orb Guardian is no longer paralysed. x2
The yellow draconian is no longer paralysed.
The death cob is engulfed in blazing flames.
You block the death cob's attack.
The death cob is engulfed in blazing flames.
The death cob misses you.
The Orb Guardian is engulfed in blazing flames.
The Orb Guardian barely misses you.
The Orb Guardian is engulfed in blazing flames.
The black draconian knight completely misses you.
The Orb Guardian is engulfed in blazing flames.
The Orb Guardian hits you!
* * * LOW HITPOINT WARNING * * *
The death cob is engulfed in blazing flames.
The death cob hits you!!
* * * LOW HITPOINT WARNING * * *
The death cob drains your vigour!
You feel as though you will be slow longer.
The purple draconian is engulfed in blazing flames.
You block the yellow draconian's attack.
The black draconian is engulfed in blazing flames.
You kill the black draconian!
The white draconian is engulfed in blazing flames.
The Orb Guardian hits you.
* * * LOW HITPOINT WARNING * * *
The Orb Guardian is engulfed in blazing flames.
The black draconian knight is engulfed in blazing flames.
The black draconian knight hits you with a +0 broad axe!
* * * LOW HITPOINT WARNING * * *
The Orb Guardian is engulfed in blazing flames.
You block the Orb Guardian's attack.
The death cob is engulfed in blazing flames.
The death cob misses you.
The Orb Guardian is engulfed in blazing flames.
The Orb Guardian hits you!!
You die...

▓...8©8...▓.
▓.§§§§|[).▓..|}}}...▓.
▓.§§§§§§§§▓....|.)..▓.
▓.§§§§§§§§▓....)....▓.
▓.§§§§§§§§▓....†))..▓.
▓..§§d§§§.▓...))....▓.
▓..d§X§d..▓...)))...▓.
▓..▓qzX▓..▓.........▓.
▓.▓.d@X.▓.▓.▓.....▓.▓.
▓....©....▓....©....▓▓
▓▓▓▓▓▓▓▓▓▓▓▓▓▓▓▓▓▓▓▓▓


You could see a black draconian knight (fast, invisible, catching breath), 2
draconians, a purple draconian (paralysed), a white draconian (paralysed), a
death cob and 3 Orb Guardians.

Vanquished Creatures
  2 orc warlords (D)
  A vault warden (D)
  An ironbound preserver (D)
  A black draconian (D)
  A purple draconian (D)
  3 vault guards (D)
  A deep elf knight (D)
  2 deep elf pyromancers (D)
  An ironbound convoker (D)
  2 ugly things (D)
  A shining eye (D)
  A black mamba (shapeshifter) (D)
  A cane toad (shapeshifter) (D)
  6 merfolk (D)
  A troll (D)
  A wind drake (D)
  A wind drake (shapeshifter) (D)
  A small abomination (D)
  A slime creature (D)
  A spriggan (D)
  A yak (D)
  A basilisk (shapeshifter) (D)
  A golden eye (D)
  A chaos spawn (D)
  A naga (D)
  A water moccasin (D)
  4 orc warriors (D)
  A black bear (D)
  2 ogres (D)
  3 wolves (D)
  A centaur (D)
  2 scorpions (D)
  A crimson imp (D)
  A quasit (D)
  2 jellies (D)
  An orc priest (D)
  2 iron imps (D)
  An iguana (D)
  An orc wizard (D)
  2 white imps (D)
  An ufetubus (D)
  A jackal (D)
  4 ball pythons (D)
66 creatures vanquished.

Notes
Turn   | Place    | Note
-------+----------+-------------------------------------------
     0 | D        | NinjaNoafa the Merfolk Monk began the quest for the Orb.
     0 | D        | Reached XP level 1. HP: 18/18 MP: 1/1
     1 | D        | Found a blossoming altar of Fedhas.
     1 | D        | Found the +6 Majin-Bo {spellvamp, MP+6 Int+6}
     1 | D        | Found the +27 heavy crossbow "Sniper" {heavy, Acc+∞ SInv}
     1 | D        | Found the +10 dark maul {heavy}
     1 | D        | Found the +15 Maxwell's patent armour {-Cast -Tele rElec
                  | Will+ rCorr}
     1 | D        | Found the +18 shield of the Gong {Loud rN+ Will+ rCorr
                  | EV-5}
     1 | D        | Found the +16 obsidian axe {drain, demonic, Mesm Drain Fly
                  | SInv}
     1 | D        | Found the +7 great mace "Firestarter" {flame, inner flame,
                  | rFlCloud rF++}
     1 | D        | Found the +6 shillelagh "Devastator" {shatter}
     1 | D        | Found the +11 plutonium sword {Contam Stlth-}
     1 | D        | Found the +8 lance "Wyrmbane" {slay drac, rPois rF+ rC+
                  | AC+3}
     1 | D        | Found the +9 sword of Zonguldrok {reap}
     1 | D        | Found the +13 scythe of Curses {drain, curses, Drain}
     1 | D        | Found the +9 sword of Power {lifebolt}
     1 | D        | Found the +7 mace of Variability {chaos, chain chaos}
     1 | D        | Found the +11 Singing Sword {sonic wave}
     1 | D        | Found the +8 storm bow {elec, penet}
     3 | D        | Found a viscous altar of Jiyva.
     3 | D        | Found a hazy altar of Hepliaklqana.
     3 | D        | Found a transporter.
     3 | D        | Found an opulent altar of Gozag.
     3 | D        | Found an ancient bone altar of Kikubaaqudgha.
     3 | D        | Found a corrupted altar of Lugonu.
     8 | D        | Found a burning altar of Makhleb.
     9 | D        | Found an iron altar of Okawaru.
     9 | D        | Found a sparkling altar of Nemelex Xobeh.
     9 | D        | Found a stormy altar of Qazlal.
     9 | D        | Found a sacrificial altar of Ru.
     9 | D        | Found a shimmering blue altar of Sif Muna.
    16 | D        | Found a bloodstained altar of Trog.
    86 | D        | Became a worshipper of Uskayaw the Reveller
    86 | D        | Reached * piety under Uskayaw
   131 | D        | Reached XP level 2. HP: 24/24 MP: 2/2
   137 | D        | Entered arena 2.
   137 | D        | Noticed a scorpion
   137 | D        | Noticed a scorpion
   137 | D        | Found a transporter.
   140 | D        | Killed a scorpion
   140 | D        | Reached ** piety under Uskayaw
   141 | D        | Reached skill level 1 in Armour
   141 | D        | Reached skill level 5 in Dodging
   141 | D        | Reached XP level 3. HP: 30/30 MP: 2/4
   141 | D        | Reached XP level 4. HP: 37/37 MP: 2/5
   141 | D        | Reached *** piety under Uskayaw
   142 | D        | Killed a scorpion
   142 | D        | Reached **** piety under Uskayaw
   143 | D        | Reached skill level 5 in Short Blades
   143 | D        | Reached skill level 2 in Armour
   143 | D        | Reached XP level 5. HP: 43/43 MP: 2/7
   183 | D        | Entered arena 3.
   183 | D        | Noticed a yak
   183 | D        | Found a transporter.
   200 | D        | Reached skill level 5 in Fighting
   206 | D        | Killed a yak
   207 | D        | Reached skill level 3 in Armour
   207 | D        | Reached XP level 6. HP: 33/52 MP: 1/9
   274 | D        | Entered arena 4.
   274 | D        | Noticed a golden eye
   274 | D        | Noticed a deep elf knight
   274 | D        | Noticed a deep elf pyromancer
   274 | D        | Noticed a deep elf pyromancer
   274 | D        | Found a transporter.
   275 | D        | a golden eye changed into a black mamba
   275 | D        | Noticed a black mamba (shapeshifter)
   280 | D        | Killed a deep elf pyromancer
   281 | D        | Reached skill level 5 in Armour
   281 | D        | Reached XP level 7. HP: 58/58 MP: 9/13
   281 | D        | Killed a deep elf pyromancer
   282 | D        | Reached skill level 6 in Armour
   282 | D        | Reached XP level 8. HP: 64/64 MP: 9/15
   282 | D        | Killed a black mamba
   283 | D        | Reached skill level 7 in Armour
   283 | D        | Reached skill level 10 in Invocations
   287 | D        | Reached ***** piety under Uskayaw
   289 | D        | Killed a deep elf knight
   290 | D        | Reached skill level 8 in Armour
   290 | D        | Reached XP level 9. HP: 68/71 MP: 9/18
   300 | D        | Got the +2 chain mail of the Crypt {Regen+ SInv}
   316 | D        | Entered arena 5.
   316 | D        | Found a transporter.
   367 | D        | Entered arena 6.
   367 | D        | Found the ring of the Hare {EV+10}
   367 | D        | Found a transporter.
   392 | D        | Reached skill level 10 in Shields
   393 | D        | Reached skill level 10 in Dodging
   417 | D        | Entered arena 7.
   420 | D        | Found a transporter.
   455 | D        | Got the Compilation of Ceraunoscopy
   470 | D        | Entered arena 8.
   470 | D        | Noticed a wind drake
   470 | D        | Noticed a cyan ugly thing
   470 | D        | Noticed a brown ugly thing
   470 | D        | Noticed a cane toad
   470 | D        | Noticed a shining eye
   471 | D        | Found a transporter.
   472 | D        | Gained mutation: You have hidden genetic defects. [a
                  | shining eye]
   480 | D        | Killed a cane toad
   481 | D        | Reached XP level 10. HP: 37/83 MP: 19/19
   486 | D        | Killed a shining eye
   487 | D        | Killed a cyan ugly thing
   505 | D        | Killed a brown ugly thing
   506 | D        | Reached skill level 10 in Fighting
   507 | D        | Reached skill level 9 in Armour
   515 | D        | Gained mutation: Armour fits poorly on your strangely
                  | shaped body. [hidden defects]
   555 | D        | Entered arena 9.
   555 | D        | Noticed an ironbound preserver
   555 | D        | Noticed a vault guard
   555 | D        | Noticed a vault guard
   555 | D        | Noticed an ironbound convoker
   555 | D        | Noticed an orc warlord
   555 | D        | Noticed a vault warden
   555 | D        | Noticed a vault guard
   559 | D        | Killed an ironbound preserver
   561 | D        | Found a transporter.
   561 | D        | Killed an ironbound convoker
   561 | D        | Killed a vault guard
   561 | D        | Killed a vault guard
   561 | D        | Killed a vault guard
   561 | D        | Killed a vault warden
   562 | D        | Reached skill level 12 in Armour
   562 | D        | Reached XP level 11. HP: 88/95 MP: 15/20
   563 | D        | Killed an orc warlord
   576 | D        | Gained mutation: Your magical capacity is low. (-10% MP)
                  | [hidden defects]
   576 | D        | Lost mutation: You have hidden genetic defects. [hidden
                  | defects expressed]
   592 | D        | Got the amulet of Hoesh {Regen+ Slay+6}
   604 | D        | Got the ring "Cuqaag" {+Blink rN+}
   610 | D        | Entered arena 10.
   612 | D        | Found a transporter.
   621 | D        | Reached skill level 13 in Armour
   625 | D        | Reached skill level 1 in Evocations
   639 | D        | Reached ****** piety under Uskayaw
   642 | D        | Reached skill level 14 in Armour
   642 | D        | Reached skill level 5 in Evocations
   666 | D        | Entered arena 11.
   666 | D        | Found the +2 hat of the Bear Spirit {Spirit, Bear, *Rage
                  | Will++}
   667 | D        | Found a transporter.
   694 | D        | Got Kaozeuh's Grimoire of Crystallized Despicable Magic
   705 | D        | Got the amulet "Niti Koe" {RegenMP Will+}
   720 | D        | Entered arena 12.
   720 | D        | Noticed an orc warlord
   721 | D        | Identified the ring "Macwetiadd" {rElec rF+++ Int-4 Dex+6
                  | Slay-2}
   722 | D        | Found a transporter.
   730 | D        | Killed an orc warlord
   731 | D        | Reached XP level 12. HP: 102/102 MP: 19/19
   769 | D        | Entered arena 13.
   769 | D        | Noticed a black draconian knight
   769 | D        | Noticed a purple draconian
   769 | D        | Noticed a purple draconian
   769 | D        | Noticed a death cob
   769 | D        | Noticed a yellow draconian
   769 | D        | Noticed an Orb Guardian
   769 | D        | Noticed a yellow draconian
   769 | D        | Noticed an Orb Guardian
   770 | D        | Noticed a white draconian
   770 | D        | Noticed a black draconian
   770 | D        | Noticed an Orb Guardian
   774 | D        | Killed a purple draconian
   776 | D        | Killed a black draconian
   776 | D        | Annihilated by an Orb Guardian

Illustrated notes

Levels and vault maps discovered:
D:        sprint_v [room_start, room_1, room_2, room_3, room_4, room_5, room_6,
          room_7, room_8, room_9, room_10, room_11, room_12, room_13, room_14,
          room_15, room_16, room_17, room_18, room_19, room_20, room_21,
          room_22, room_23, room_24, room_25, room_26, room_27]

Skill      XL: |  1  2  3  4  5  6  7  8  9 10 11 |
---------------+----------------------------------+-----
Shields        | 7 8 9 11 12 13 | 13.6
Fighting       | 4 6 9 12 | 12.1
Short Blades   | 4 5 6 8 |  8.0
Armour         | 1 2 3 5 6 8 12 14 | 14.1
Dodging        | 5 7 8 10 12 | 12.2
Invocations    | 2 3 4 7 9 12 | 12.5
Spellcasting   | 4 |  4.0
Evocations     | 8 |  8.2
Stealth        | |  2.1

Action                     |  1- 3 |  4- 6 |  7- 9 | 10-12 || total
---------------------------+-------+-------+-------+-------++-------
  Melee: Quick blade       |     2 |    20 |    64 |    62 ||   148
 Invoke: Stomp             |       |     2 |       |     1 ||     3
         Line Pass         |       |       |       |     1 ||     1
  Evoke: Lightning rod     |       |       |     4 |     3 ||     7
         Condenser vane    |       |       |     1 |     4 ||     5
         Tin of tremorston |       |       |       |     3 ||     3
    Use: Potion            |     2 |     2 |       |       ||     4
         Scroll            |       |       |     4 |       ||     4
   Stab: Paralysed         |       |     2 |    11 |    10 ||    23
         Confused          |       |       |       |     9 ||     9
 Armour: Ice dragon scales |     1 |     3 |       |       ||     4
         Chain mail        |       |       |    13 |     1 ||    14
  Dodge: Dodged            |       |     2 |    27 |    36 ||    65
  Block: Kite shield       |       |    15 |    43 |    30 ||    88

Table legend: (Time is in decaauts)
 A = Elapsed time spent in this place.
 B = Non-inter-level travel time spent in this place.
 C = Inter-level travel time spent in this place.
 D = Time resting spent in this place.
 E = Time spent auto-exploring this place.
 F = Levels seen in this place.
 G = Mean time per level.
                   A        B        C        D        E       F      G
               +--------+--------+--------+--------+--------+-----+--------+
         Total |    685 |    676 |      9 |    154 |     63 |   1 |  685.0 |
       Dungeon |    685 |    676 |      9 |    154 |     63 |   1 |  685.0 |
               +--------+--------+--------+--------+--------+-----+--------+

Top non-repeatable levels by time:
       D: 685 daAuts
